APP
KINGSPORT METS @ SAN DIEGO (APP) PADRES
10/28/2049
 
TOP OF THE 1ST
El Paso Chihuahuas batting - Pitching for Reno Aces : RHP Aaron Saenz
Pitching: RHP Aaron Saenz
Batting: RHB Itsuo Yoshioka 0-0: Called Strike
0-1: Ball
1-1: Swinging Strike
1-2: Foul Ball, location: 2F
1-2: Ball
2-2: Foul Ball, location: 2F
2-2: Ball
3-2: Ground out 6-3 (Groundball, 56, EV 100.6 MPH)
Batting: RHB Rudolf Gommers 0-0: Ground out 4-3 (Groundball, 4, EV 80.0 MPH)
Batting: LHB Ryan Flynn Jr. 0-0: DOUBLE (Flyball, 8LXD, EV 106.9 MPH)
Batting: LHB Aaron LeBlanc 0-0: Ball
1-0: Ball
2-0: Called Strike
2-1: Foul Ball, location: 2F
2-2: Strikes out swinging
Top of the 1st over - 0 runs, 1 hit, 0 errors, 1 left on base; El Paso 0 - Reno 0
BOTTOM OF THE 1ST
Reno Aces batting - Pitching for El Paso Chihuahuas : LHP Yuri Thra
Pitching: LHP Yuri Thra
Batting: RHB Joe Smack 0-0: Called Strike
0-1: Ball
1-1: Foul Ball, location: 2F
1-2: Foul Ball, location: 2F
1-2: Foul Ball, location: 2F
1-2: Ground out 4-3 (Groundball, 4M, EV 96.9 MPH)
Batting: RHB Andy Swaim 0-0: Ball
1-0: Ground out 6-3 (Groundball, 6, EV 82.5 MPH)
Batting: SHB Salvador Aragon 0-0: Ball
1-0: Ball
2-0: Ball
3-0: Base on Balls
Batting: RHB Katilimomi Kelekolio 0-0: Ball
1-0: Ball
2-0: Ball
3-0: Called Strike
3-1: Base on Balls
Salvador Aragon to second
Batting: LHB Chris Escobar 0-0: Swinging Strike
0-1: Foul Ball, location: 2F
0-2: Foul Ball, location: 2F
0-2: Strikes out swinging
Bottom of the 1st over - 0 runs, 0 hits, 0 errors, 2 left on base; El Paso 0 - Reno 0
TOP OF THE 2ND
El Paso Chihuahuas batting - Pitching for Reno Aces : RHP Aaron Saenz
Batting: RHB Jose Morrissey 0-0: Ground out 6-3 (Groundball, 6, EV 80.6 MPH)
Batting: SHB Steve Killion 0-0: Ball
1-0: Foul Ball, location: 2F
1-1: Ball
2-1: Called Strike
2-2: Ball
3-2: SINGLE (Flyball, 4D, EV 88.8 MPH)
Pitching: RHP Jarrod Kenny
Batting: LHB Luis Cruz 0-0: Ball
1-0: Ball
2-0: Ball
3-0: Called Strike
3-1: Base on Balls
Steve Killion to second
Batting: SHB Gregg Whitecotton 0-0: Called Strike
Steve Killion steals 3rd base
0-1: Ball
1-1: Ball
2-1: Grounds into double play, 6-4-3 (Groundball, 6, EV 89.4 MPH)
Top of the 2nd over - 0 runs, 1 hit, 0 errors, 1 left on base; El Paso 0 - Reno 0
BOTTOM OF THE 2ND
Reno Aces batting - Pitching for El Paso Chihuahuas : LHP Yuri Thra
Batting: SHB Warren Eisner 0-0: Ball
1-0: Ball
2-0: SINGLE (Line Drive, 56, EV 100.0 MPH)
Batting: RHB Israel Gaona 0-0: Ball
1-0: Foul Ball, location: 2F
1-1: Ball
2-1: Swinging Strike
2-2: Foul Ball, location: 2F
2-2: Strikes out swinging
Batting: RHB Alex Vasquez 0-0: Ball
Warren Eisner steals 2nd base
1-0: Ground out 4-3 (Groundball, 4S, EV 82.5 MPH)
Warren Eisner to third
Batting: RHB Juan Espinoza 0-0: Ground out 6-3 (Groundball, 6, EV 83.8 MPH)
Bottom of the 2nd over - 0 runs, 1 hit, 0 errors, 1 left on base; El Paso 0 - Reno 0
TOP OF THE 3RD
El Paso Chihuahuas batting - Pitching for Reno Aces : RHP Jarrod Kenny
Batting: RHB Ben Zeiler 0-0: Ball
1-0: Swinging Strike
1-1: Ball
2-1: Foul Ball, location: 2F
2-2: Foul Ball, location: 2F
2-2: Ball
3-2: Strikes out looking
Batting: RHB Itsuo Yoshioka 0-0: Ball
1-0: Ball
2-0: Called Strike
2-1: Swinging Strike
2-2: Ball
3-2: Base on Balls
Batting: RHB Rudolf Gommers 0-0: Ball
Itsuo Yoshioka is caught stealing 2nd base 2-4
1-0: Called Strike
1-1: Ball
2-1: Ground out 5-3 (Groundball, 56, EV 80.6 MPH)
Top of the 3rd over - 0 runs, 0 hits, 0 errors, 0 left on base; El Paso 0 - Reno 0
BOTTOM OF THE 3RD
Reno Aces batting - Pitching for El Paso Chihuahuas : LHP Yuri Thra
Batting: RHB Joe Smack 0-0: DOUBLE (Groundball, 3L, EV 96.9 MPH)
Batting: RHB Andy Swaim 0-0: Ball
1-0: Called Strike
1-1: Fly out, F9 (Flyball, 9LM, EV 96.2 MPH)
Batting: SHB Salvador Aragon 0-0: Called Strike
0-1: Swinging Strike
0-2: Ball
1-2: Ball
2-2: Foul Ball, location: 2F
2-2: Strikes out looking
Batting: RHB Katilimomi Kelekolio 0-0: Ground out 1-3 (Groundball, 34S, EV 70.0 MPH)
Bottom of the 3rd over - 0 runs, 1 hit, 0 errors, 1 left on base; El Paso 0 - Reno 0
TOP OF THE 4TH
El Paso Chihuahuas batting - Pitching for Reno Aces : RHP Jarrod Kenny
Batting: LHB Ryan Flynn Jr. 0-0: Called Strike
0-1: Called Strike
0-2: Ball
1-2: Ball
2-2: Fly out, F9 (Flyball, 9, EV 80.0 MPH)
Batting: LHB Aaron LeBlanc 0-0: Fly out, F7 (Flyball, 7S, EV 87.5 MPH)
Batting: RHB Jose Morrissey 0-0: Ball
1-0: Foul Ball, location: 2F
1-1: Ball
2-1: Called Strike
2-2: Ball
3-2: Base on Balls
Pitching: RHP Manny Ferrer
Batting: SHB Steve Killion 0-0: Ball
1-0: Ball
2-0: Foul Ball, location: 2F
2-1: Ball
3-1: Base on Balls
Jose Morrissey to second
Batting: LHB Luis Cruz 0-0: 3-RUN HOME RUN (Flyball, 89XD, EV 115.6 MPH), Distance : 439 ft
Batting: SHB Gregg Whitecotton 0-0: Swinging Strike
0-1: Foul Ball, location: 2F
0-2: Ball
1-2: Strikes out swinging
Top of the 4th over - 3 runs, 1 hit, 0 errors, 0 left on base; El Paso 3 - Reno 0
BOTTOM OF THE 4TH
Reno Aces batting - Pitching for El Paso Chihuahuas : LHP Yuri Thra
Batting: LHB Chris Escobar 0-0: Ball
1-0: Ball
2-0: Ball
3-0: Foul Ball, location: 2F
3-1: Foul Ball, location: 2F
3-2: Strikes out swinging
Batting: SHB Warren Eisner 0-0: Ball
1-0: Foul Ball, location: 2F
1-1: Ground out 4-3 (Groundball, 4, EV 105.0 MPH)
Batting: RHB Israel Gaona 0-0: Ball
1-0: Foul Ball, location: 2F
1-1: Foul Ball, location: 2F
1-2: Foul Ball, location: 2F
1-2: Foul Ball, location: 2F
1-2: Ball
2-2: Ground out U3 (Groundball, 3, EV 91.9 MPH)
Bottom of the 4th over - 0 runs, 0 hits, 0 errors, 0 left on base; El Paso 3 - Reno 0
TOP OF THE 5TH
El Paso Chihuahuas batting - Pitching for Reno Aces : RHP Manny Ferrer
Batting: RHB Ben Zeiler 0-0: Ball
1-0: Fly out, F8 (Flyball, 78XD, EV 99.4 MPH)
Batting: RHB Itsuo Yoshioka 0-0: Ball
1-0: Ball
2-0: Called Strike
2-1: Called Strike
2-2: Strikes out looking
Batting: RHB Rudolf Gommers 0-0: Called Strike
0-1: Ball
1-1: Ball
2-1: Foul Ball, location: 2F
2-2: Strikes out swinging
Top of the 5th over - 0 runs, 0 hits, 0 errors, 0 left on base; El Paso 3 - Reno 0
BOTTOM OF THE 5TH
Reno Aces batting - Pitching for El Paso Chihuahuas : LHP Yuri Thra
Batting: RHB Alex Vasquez 0-0: Swinging Strike
0-1: Ball
1-1: Foul Ball, location: 2F
1-2: Ground out 6-3 (Groundball, 6MD, EV 86.2 MPH)
Batting: RHB Juan Espinoza 0-0: Ball
1-0: Swinging Strike
1-1: Called Strike
1-2: Ball
2-2: Foul Ball, location: 2F
2-2: Foul Ball, location: 2F
2-2: Strikes out swinging
Batting: RHB Joe Smack 0-0: Ball
1-0: SINGLE (Groundball, 25, EV 74.4 MPH) (infield hit)
Batting: RHB Andy Swaim 0-0: Ball
1-0: Foul Ball, location: 2F
1-1: Called Strike
1-2: Foul Ball, location: 2F
1-2: Ball
2-2: Ball
3-2: Foul Ball, location: 2F
3-2: Base on Balls
Joe Smack to second
Batting: SHB Salvador Aragon 0-0: Called Strike
0-1: Foul Ball, location: 2F
0-2: SINGLE (Groundball, 25, EV 73.1 MPH) (infield hit)
Joe Smack to third
Andy Swaim to second
Batting: RHB Katilimomi Kelekolio 0-0: Called Strike
0-1: Ball
1-1: Called Strike
1-2: Ball
2-2: Foul Ball, location: 2F
2-2: Ball
3-2: SINGLE (Line Drive, 34, EV 104.4 MPH)
Joe Smack scores
Andy Swaim to third
Salvador Aragon to second
Andy Swaim scores
Salvador Aragon to third
Batting: RHB Scott Travis 0-0: Ball
1-0: Ball
2-0: Ball
3-0: Base on Balls
Katilimomi Kelekolio to second
Batting: SHB Warren Eisner 0-0: Ground out 6-3 (Groundball, 56, EV 101.9 MPH)
Bottom of the 5th over - 2 runs, 3 hits, 0 errors, 3 left on base; El Paso 3 - Reno 2
TOP OF THE 6TH
El Paso Chihuahuas batting - Pitching for Reno Aces : RHP Manny Ferrer
Batting: LHB Ryan Flynn Jr. 0-0: Ball
1-0: Foul Ball, location: 2F
1-1: Swinging Strike
1-2: Ball
2-2: Foul Ball, location: 2F
2-2: Foul Ball, location: 2F
2-2: Foul Ball, location: 9LSF, Error on foul ball, E9
2-2: Foul Ball, location: 2F
2-2: Foul Ball, location: 2F
2-2: Ground out 4-3 (Groundball, 4M, EV 79.4 MPH)
Batting: LHB Aaron LeBlanc 0-0: Called Strike
0-1: Ball
1-1: Ball
2-1: Called Strike
2-2: Foul Ball, location: 2F
2-2: Ball
3-2: TRIPLE (Line Drive, 89XD, EV 101.9 MPH)
Pitching: RHP Chris Bullerman
Batting: RHB Jose Morrissey 0-0: Fly out, F8 (Flyball, 8RS, EV 87.5 MPH)
Batting: SHB Steve Killion 0-0: Called Strike
0-1: Foul Ball, location: 2F
0-2: Ball
1-2: Foul Ball, location: 2F
1-2: Fly out, F8 (Flyball, 8RS, EV 84.4 MPH)
Top of the 6th over - 0 runs, 1 hit, 1 error, 1 left on base; El Paso 3 - Reno 2
BOTTOM OF THE 6TH
Reno Aces batting - Pitching for El Paso Chihuahuas : LHP Yuri Thra
Pitching: RHP Parker French
Batting: RHB Israel Gaona 0-0: Called Strike
0-1: Foul Ball, location: 2F
0-2: Ball
1-2: Fly out, F8 (Flyball, 8RXD, EV 74.4 MPH)
Batting: RHB Alex Vasquez 0-0: SINGLE (Groundball, 4MD, EV 100.6 MPH)
Batting: RHB Juan Espinoza 0-0: Ball
1-0: Foul Ball, location: 2F
1-1: DOUBLE (Line Drive, 89D, EV 110.6 MPH)
Alex Vasquez to third
Runner from 3rd tries for Home, SAFE, throw by CF to home
Batting: RHB Joe Smack 0-0: Called Strike
0-1: Foul Ball, location: 2F
0-2: Strikes out swinging
Batting: RHB Andy Swaim 0-0: Ball
1-0: Ball
2-0: Ground out 5-3 (Groundball, 56S, EV 71.2 MPH)
Bottom of the 6th over - 1 run, 2 hits, 0 errors, 1 left on base; El Paso 3 - Reno 3
TOP OF THE 7TH
El Paso Chihuahuas batting - Pitching for Reno Aces : RHP Chris Bullerman
Batting: LHB Luis Cruz 0-0: Fly out, F5 (Popup, 5S, EV 86.9 MPH)
Batting: SHB Gregg Whitecotton 0-0: Foul Ball, location: 2F
0-1: Foul Ball, location: 2F
0-2: Ball
1-2: Strikes out looking
Batting: RHB Ben Zeiler 0-0: Ball
1-0: Called Strike
1-1: Called Strike
1-2: Ground out 5-3 (Groundball, 5, EV 91.2 MPH)
Top of the 7th over - 0 runs, 0 hits, 0 errors, 0 left on base; El Paso 3 - Reno 3
BOTTOM OF THE 7TH
Reno Aces batting - Pitching for El Paso Chihuahuas : RHP Parker French
Batting: SHB Salvador Aragon 0-0: Ball
1-0: Foul Ball, location: 2F
1-1: Ball
2-1: Called Strike
2-2: Foul Ball, location: 2F
2-2: Foul Ball, location: 2F
2-2: Foul Ball, location: 2F
2-2: Fly out, F5 (Line Drive, 5, EV 68.8 MPH)
Batting: RHB Katilimomi Kelekolio 0-0: Called Strike
0-1: Fly out, F9 (Flyball, 9S, EV 90.6 MPH)
Batting: RHB Scott Travis 0-0: Ball
1-0: Ball
2-0: Swinging Strike
2-1: Fly out, F7 (Line Drive, 7D, EV 93.8 MPH)
Bottom of the 7th over - 0 runs, 0 hits, 0 errors, 0 left on base; El Paso 3 - Reno 3
TOP OF THE 8TH
El Paso Chihuahuas batting - Pitching for Reno Aces : RHP Chris Bullerman
Pitching: RHP Nick Burcham
Batting: RHB Itsuo Yoshioka 0-0: Foul Ball, location: 2F
0-1: Ball
1-1: Ball
2-1: Foul Ball, location: 2F
2-2: Fly out, F7 (Line Drive, 7D, EV 110.6 MPH)
Batting: RHB Rudolf Gommers 0-0: Fly out, F9 (Flyball, 9S, EV 87.5 MPH)
Batting: LHB Ryan Flynn Jr. 0-0: Fly out, F9 (Line Drive, 9, EV 95.6 MPH)
Top of the 8th over - 0 runs, 0 hits, 0 errors, 0 left on base; El Paso 3 - Reno 3
BOTTOM OF THE 8TH
Reno Aces batting - Pitching for El Paso Chihuahuas : RHP Parker French
Pitching: RHP Tony Delgado
Batting: SHB Warren Eisner 0-0: Ball
1-0: Foul Ball, location: 2F
1-1: Ball
2-1: Foul Ball, location: 2F
2-2: Foul Ball, location: 2F
2-2: Ball
3-2: Base on Balls
Batting: RHB Israel Gaona 0-0: Sac Bunt to 23 - play at first, batter OUT! 3-4
Warren Eisner to second
Batting: RHB Alex Vasquez 0-0: Called Strike
Warren Eisner steals 3rd base
0-1: Ball
1-1: Ball
2-1: Foul Ball, location: 2F
2-2: Foul Ball, location: 2F
2-2: Foul Ball, location: 2F
2-2: Ball
3-2: SINGLE (Groundball, 4M, EV 101.2 MPH)
Warren Eisner scores
Batting: RHB Juan Espinoza 0-0: Ball
1-0: Fly out, F8 (Flyball, 8RXD, EV 98.1 MPH)
Batting: RHB Joe Smack 0-0: Ball
1-0: Ball
Alex Vasquez steals 2nd base
2-0: Foul Ball, location: 2F
2-1: Ball
3-1: DOUBLE (Line Drive, 7LS, EV 109.4 MPH)
Alex Vasquez scores
Batting: RHB Andy Swaim 0-0: Ball
1-0: Called Strike
1-1: Ball
2-1: Ball
3-1: Base on Balls
Batting: SHB Salvador Aragon 0-0: Ball
1-0: Foul Ball, location: 2F
1-1: Ball
2-1: DOUBLE (Line Drive, 9LM, EV 109.4 MPH)
Joe Smack scores
Andy Swaim to third
Runner from 3rd tries for Home, SAFE, throw by RF to home
Pitching: RHP Steve Dripps
Batting: RHB Katilimomi Kelekolio 0-0: Ball
1-0: Ball
2-0: Ball
3-0: Base on Balls
Batting: RHB Scott Travis 0-0: Ground out U3 (Groundball, 3, EV 84.4 MPH)
Bottom of the 8th over - 4 runs, 3 hits, 0 errors, 2 left on base; El Paso 3 - Reno 7
TOP OF THE 9TH
El Paso Chihuahuas batting - Pitching for Reno Aces : RHP Nick Burcham
Batting: LHB Aaron LeBlanc 0-0: Ball
1-0: Ball
2-0: Foul Ball, location: 2F
2-1: Called Strike
2-2: Ball
3-2: Fly out, F9 (Flyball, 9S, EV 89.4 MPH)
Batting: RHB Jose Morrissey 0-0: Ball
1-0: Ball
2-0: Called Strike
2-1: Called Strike
2-2: Ball
3-2: Foul Ball, location: 2F
3-2: Strikes out swinging
Batting: SHB Steve Killion 0-0: Ball
1-0: Ball
2-0: Ball
3-0: Base on Balls
Batting: LHB Luis Cruz 0-0: Called Strike
0-1: Swinging Strike
0-2: Ball
1-2: Ball
2-2: Ball
3-2: Strikes out swinging
Top of the 9th over - 0 runs, 0 hits, 0 errors, 1 left on base; El Paso 3 - Reno 7
Sunday, July 16th , 2023 - OOTP Baseball 24.6 Build 69